PAA
ATLANTIC CITY SONICS @ CASPER GHOSTS
05/18/2034
 
TOP OF THE 1ST
Atlantic City Sonics batting - Pitching for Casper Ghosts : RHP Rhett Abbott
Pitching: RHP Rhett Abbott
Batting: RHB Toyozo Yamasaki 0-0: Ball
1-0: Called Strike
1-1: Swinging Strike
1-2: Foul Ball, location: 2F
1-2: Ground out 4-3 (Groundball, 4)
Batting: RHB John Willoughby 0-0: Ground out 5-3 (Groundball, 56)
Batting: LHB Scotty Mitchell 0-0: Ball
1-0: Swinging Strike
1-1: Foul Ball, location: 2F
1-2: Ball
2-2: Ball
3-2: Fly out, F7 (Flyball, 7LD)
Top of the 1st over - 0 runs, 0 hits, 0 errors, 0 left on base; Atlantic City 0 - Casper 0
BOTTOM OF THE 1ST
Casper Ghosts batting - Pitching for Atlantic City Sonics : RHP Juriaan Roos
Pitching: RHP Juriaan Roos
Batting: RHB Armando Pacheco 0-0: Ground out 4-3 (Groundball, 4)
Batting: LHB Ronald Anderson 0-0: Fly out, F9 (Line Drive, 89D)
Batting: LHB Marcus Shill 0-0: Ball
1-0: Swinging Strike
1-1: Foul Ball, location: 2F
1-2: Ground out 4-3 (Groundball, 4)
Bottom of the 1st over - 0 runs, 0 hits, 0 errors, 0 left on base; Atlantic City 0 - Casper 0
TOP OF THE 2ND
Atlantic City Sonics batting - Pitching for Casper Ghosts : RHP Rhett Abbott
Batting: LHB Bryce Abood 0-0: Called Strike
0-1: Ball
1-1: Fly out, F9 (Flyball, 9LD)
Batting: RHB Jeff Quesenberry 0-0: Foul Ball, location: 2F
0-1: SINGLE (Groundball, 56D)
Batting: LHB Xuan-ling Liao 0-0: Called Strike
0-1: Called Strike
0-2: Strikes out swinging
Batting: LHB António Casas 0-0: Foul Ball, location: 2F
0-1: Ball
1-1: Called Strike
1-2: Fly out, F7 (Flyball, 78M)
Top of the 2nd over - 0 runs, 1 hit, 0 errors, 1 left on base; Atlantic City 0 - Casper 0
BOTTOM OF THE 2ND
Casper Ghosts batting - Pitching for Atlantic City Sonics : RHP Juriaan Roos
Batting: LHB Badry Maksimenov 0-0: Called Strike
0-1: Called Strike
0-2: Ball
1-2: Ball
2-2: Foul Ball, location: 2F
2-2: Fly out, F9 (Flyball, 89S)
Batting: RHB Jeff Mouton 0-0: Ball
1-0: Called Strike
1-1: Ball
2-1: Swinging Strike
2-2: Ground out 6-3 (Groundball, 6)
Batting: RHB Adrijan Markovski 0-0: Ball
1-0: Ground out U3 (Groundball, 3S)
Bottom of the 2nd over - 0 runs, 0 hits, 0 errors, 0 left on base; Atlantic City 0 - Casper 0
TOP OF THE 3RD
Atlantic City Sonics batting - Pitching for Casper Ghosts : RHP Rhett Abbott
Batting: RHB Alejandro Sánchez 0-0: Called Strike
0-1: Foul Ball, location: 2F
0-2: Ball
1-2: Ball
2-2: Ball
3-2: Base on Balls
Batting: RHB Gary Jenkins 0-0: Foul Ball, location: 2F
0-1: Called Strike
0-2: Foul Ball, location: 2F
0-2: Fly out, F8 (Flyball, 89D)
Batting: RHB Toyozo Yamasaki 0-0: Ball
1-0: Called Strike
1-1: Called Strike
1-2: Ball
2-2: Ball
3-2: Strikes out swinging
Batting: RHB John Willoughby 0-0: Ball
1-0: Called Strike
1-1: Foul Ball, location: 2F
1-2: Fielders Choice at 2nd, 6-4 (Groundball, 6)
Top of the 3rd over - 0 runs, 0 hits, 0 errors, 1 left on base; Atlantic City 0 - Casper 0
BOTTOM OF THE 3RD
Casper Ghosts batting - Pitching for Atlantic City Sonics : RHP Juriaan Roos
Batting: RHB Steve Weber 0-0: Called Strike
0-1: Ball
1-1: Ball
2-1: Ball
3-1: Called Strike
3-2: Base on Balls
Batting: RHB José Reyes 0-0: Called Strike
0-1: Ball
1-1: Foul Ball, location: 2F
1-2: Strikes out swinging
Batting: RHB Tatsui Kiyomizu 0-0: Fly out, F9 (Flyball, 89S)
Batting: RHB Armando Pacheco 0-0: Called Strike
0-1: Ball
Steve Weber steals 2nd base
1-1: Ball
2-1: Ball
3-1: Foul Ball, location: 2F
3-2: Ground out 3-1 (Groundball, 34)
Bottom of the 3rd over - 0 runs, 0 hits, 0 errors, 1 left on base; Atlantic City 0 - Casper 0
TOP OF THE 4TH
Atlantic City Sonics batting - Pitching for Casper Ghosts : RHP Rhett Abbott
Batting: LHB Scotty Mitchell 0-0: Ball
1-0: Ball
2-0: Called Strike
2-1: Ground out 4-3 (Groundball, 4)
Batting: LHB Bryce Abood 0-0: Ball
1-0: Called Strike
1-1: Foul Ball, location: 2F
1-2: Ground out 4-3 (Groundball, 4)
Batting: RHB Jeff Quesenberry 0-0: Called Strike
0-1: Foul Ball, location: 2F
0-2: Foul Ball, location: 2F
0-2: SINGLE (Line Drive, 7S)
Batting: LHB Xuan-ling Liao 0-0: Ball
1-0: Ball
2-0: Called Strike
Jeff Quesenberry is caught stealing 2nd base
Top of the 4th over - 0 runs, 1 hit, 0 errors, 0 left on base; Atlantic City 0 - Casper 0
BOTTOM OF THE 4TH
Casper Ghosts batting - Pitching for Atlantic City Sonics : RHP Juriaan Roos
Batting: LHB Ronald Anderson 0-0: Foul Ball, location: 2F
0-1: Foul Ball, location: 2F
0-2: Strikes out looking
Batting: LHB Marcus Shill 0-0: Swinging Strike
0-1: Foul Ball, location: 2F
0-2: Ground out U3 (Groundball, 34)
Batting: LHB Badry Maksimenov 0-0: Ball
1-0: Reached on error, E5 (Groundball, 56)
Batting: RHB Jeff Mouton 0-0: Ball
1-0: Called Strike
1-1: Fly out, F1 (Line Drive, 13)
Bottom of the 4th over - 0 runs, 0 hits, 1 error, 1 left on base; Atlantic City 0 - Casper 0
TOP OF THE 5TH
Atlantic City Sonics batting - Pitching for Casper Ghosts : RHP Rhett Abbott
Batting: LHB Xuan-ling Liao 0-0: Ball
1-0: Ball
2-0: Called Strike
2-1: Ball
3-1: Base on Balls
Batting: LHB António Casas 0-0: Ball
1-0: Swinging Strike
1-1: Swinging Strike
1-2: Strikes out looking
Xuan-ling Liao steals 2nd base
Batter strikes out.
Batting: RHB Alejandro Sánchez 0-0: Ball
1-0: Swinging Strike
1-1: Called Strike
1-2: 2-RUN HOME RUN (Line Drive, 7D), Distance : 391 ft
Batting: RHB Gary Jenkins 0-0: Called Strike
0-1: Ball
1-1: Ground out 4-3 (Groundball, 4M)
Batting: RHB Toyozo Yamasaki 0-0: Ground out 3-1 (Groundball, 34S)
Top of the 5th over - 2 runs, 1 hit, 0 errors, 0 left on base; Atlantic City 2 - Casper 0
BOTTOM OF THE 5TH
Casper Ghosts batting - Pitching for Atlantic City Sonics : RHP Juriaan Roos
Batting: RHB Adrijan Markovski 0-0: Foul Ball, location: 2F
0-1: Swinging Strike
0-2: Strikes out swinging
Batting: RHB Steve Weber 0-0: Called Strike
0-1: Ball
1-1: Ball
2-1: Foul Ball, location: 2F
2-2: Strikes out swinging
Batting: RHB José Reyes 0-0: Swinging Strike
0-1: Ball
1-1: Foul Ball, location: 2F
1-2: Strikes out looking
Bottom of the 5th over - 0 runs, 0 hits, 0 errors, 0 left on base; Atlantic City 2 - Casper 0
TOP OF THE 6TH
Atlantic City Sonics batting - Pitching for Casper Ghosts : RHP Rhett Abbott
Batting: RHB John Willoughby 0-0: Ball
1-0: SINGLE (Line Drive, 78S)
Batting: LHB Scotty Mitchell 0-0: Ball
1-0: Swinging Strike
1-1: Ball
2-1: Ball
3-1: Swinging Strike
3-2: Base on Balls
John Willoughby to second
Batting: LHB Bryce Abood 0-0: Ball
1-0: Ball
2-0: Called Strike
2-1: DOUBLE (Line Drive, 7LM)
John Willoughby scores
Scotty Mitchell to third
Runner from 3rd tries for Home, SAFE, no throw
Pitching: LHP Geoffroy Cadaloba
Batting: RHB Jeff Quesenberry 0-0: Intentional Walk
Batting: LHB Xuan-ling Liao 0-0: Ball
1-0: Foul Ball, location: 2F
1-1: Ball
2-1: SINGLE (Groundball, 56D)
Bryce Abood to third
Jeff Quesenberry to second
Batting: LHB António Casas 0-0: Ball
1-0: Fly out, F9 (Flyball, 89M)
Batting: RHB Alejandro Sánchez 0-0: Ball
1-0: Ball
2-0: Ball
3-0: Base on Balls
Bryce Abood scores
Jeff Quesenberry to third
Xuan-ling Liao to second
Batting: RHB Gary Jenkins 0-0: Foul Ball, location: 2F
0-1: Ball
1-1: Foul Ball, location: 2F
1-2: Strikes out swinging
Batting: RHB Toyozo Yamasaki 0-0: Called Strike
0-1: Ball
1-1: Ball
Wild Pitch!
Jeff Quesenberry scores
Xuan-ling Liao to third
Alejandro Sánchez to second
2-1: Ground out 6-3 (Groundball, 56)
Top of the 6th over - 4 runs, 3 hits, 0 errors, 2 left on base; Atlantic City 6 - Casper 0
BOTTOM OF THE 6TH
Casper Ghosts batting - Pitching for Atlantic City Sonics : RHP Juriaan Roos
Batting: RHB Tatsui Kiyomizu 0-0: Called Strike
0-1: Ball
1-1: Swinging Strike
1-2: Strikes out looking
Batting: RHB Armando Pacheco 0-0: Foul Ball, location: 2F
0-1: Ball
1-1: Ball
2-1: Swinging Strike
2-2: Strikes out swinging
Batting: LHB Ronald Anderson 0-0: Ball
1-0: Foul Ball, location: 2F
1-1: Foul Ball, location: 2F
1-2: Foul Ball, location: 2F
1-2: Foul Ball, location: 2F
1-2: Strikes out swinging
Bottom of the 6th over - 0 runs, 0 hits, 0 errors, 0 left on base; Atlantic City 6 - Casper 0
TOP OF THE 7TH
Atlantic City Sonics batting - Pitching for Casper Ghosts : LHP Geoffroy Cadaloba
Batting: RHB John Willoughby 0-0: Ball
1-0: SINGLE (Groundball, 56D)
Batting: LHB Scotty Mitchell 0-0: SINGLE (Line Drive, 8LS)
John Willoughby to second
Batting: LHB Bryce Abood 0-0: Ball
1-0: Called Strike
1-1: Foul Ball, location: 2F
1-2: Ball
2-2: Ball
3-2: Base on Balls
John Willoughby to third
Scotty Mitchell to second
Batting: RHB Jeff Quesenberry 0-0: Foul Ball, location: 2F
0-1: Ball
1-1: Fly out, F6 (Popup, 6MD)
Batting: LHB Xuan-ling Liao 0-0: Called Strike
0-1: Fielders Choice at 2nd, 4-6 (Groundball, 4)
John Willoughby scores
Scotty Mitchell to third
Batting: LHB António Casas Balk!
Scotty Mitchell scores
Xuan-ling Liao to second
0-0: Called Strike
0-1: Called Strike
0-2: Foul Ball, location: 2F
0-2: Strikes out swinging
Top of the 7th over - 2 runs, 2 hits, 0 errors, 1 left on base; Atlantic City 8 - Casper 0
BOTTOM OF THE 7TH
Casper Ghosts batting - Pitching for Atlantic City Sonics : RHP Juriaan Roos
Batting: LHB Marcus Shill 0-0: Called Strike
0-1: Swinging Strike
0-2: Foul Ball, location: 2F
0-2: Ball
1-2: Ball
2-2: Foul Ball, location: 2F
2-2: SINGLE (Line Drive, 34D)
Batting: LHB Badry Maksimenov 0-0: Ball
1-0: Ball
2-0: Grounds into double play, 1-4-3 (Groundball, 15S)
Batting: RHB Jeff Mouton 0-0: Ball
1-0: Foul Ball, location: 2F
1-1: Foul Ball, location: 2F
1-2: SINGLE (Groundball, 6MD)
Batting: RHB Adrijan Markovski 0-0: Ball
1-0: Ball
2-0: Called Strike
2-1: SINGLE (Groundball, 56D)
Jeff Mouton to second
Runner from 2nd tries for 3rd, OUT!
Bottom of the 7th over - 0 runs, 3 hits, 0 errors, 1 left on base; Atlantic City 8 - Casper 0
TOP OF THE 8TH
Atlantic City Sonics batting - Pitching for Casper Ghosts : LHP Geoffroy Cadaloba
Batting: RHB Alejandro Sánchez 0-0: Ball
1-0: Ball
2-0: Foul Ball, location: 2F
2-1: SINGLE (Line Drive, 8LS)
Batting: RHB Gary Jenkins 0-0: Ball
1-0: Ball
2-0: Ball
3-0: Called Strike
3-1: Foul Ball, location: 2F
3-2: Foul Ball, location: 2F
3-2: SINGLE (Line Drive, 56)
Alejandro Sánchez to second
Batting: RHB Toyozo Yamasaki 0-0: Ball
1-0: Swinging Strike
1-1: Fly out, F9 (Flyball, 9LM)
Batting: RHB John Willoughby 0-0: Ball
1-0: Ball
2-0: Called Strike
2-1: Ball
3-1: Base on Balls
Alejandro Sánchez to third
Gary Jenkins to second
Batting: LHB Scotty Mitchell 0-0: Grounds into fielders choice 1-2 (Groundball, 13)
Gary Jenkins to third
John Willoughby to second
Batting: LHB Bryce Abood 0-0: Swinging Strike
0-1: Ball
1-1: Ball
2-1: Ball
3-1: Swinging Strike
3-2: Fly out, F2 (Popup, 25F)
Top of the 8th over - 0 runs, 2 hits, 0 errors, 3 left on base; Atlantic City 8 - Casper 0
BOTTOM OF THE 8TH
Casper Ghosts batting - Pitching for Atlantic City Sonics : RHP Juriaan Roos
Now at C: Guillermo Mata
Batting: RHB Steve Weber 0-0: Fly out, F4 (Line Drive, 4M)
Batting: RHB José Reyes 0-0: Ball
1-0: Called Strike
1-1: Called Strike
1-2: Foul Ball, location: 2F
1-2: Ball
2-2: Fly out, F9 (Flyball, 9LM)
Batting: RHB Tatsui Kiyomizu 0-0: Ball
1-0: Fly out, F9 (Flyball, 9LSF)
Bottom of the 8th over - 0 runs, 0 hits, 0 errors, 0 left on base; Atlantic City 8 - Casper 0
TOP OF THE 9TH
Atlantic City Sonics batting - Pitching for Casper Ghosts : LHP Geoffroy Cadaloba
Batting: RHB Jeff Quesenberry 0-0: Ball
1-0: Fly out, F3 (Popup, 23F)
Batting: LHB Xuan-ling Liao 0-0: Ball
1-0: Swinging Strike
1-1: Ball
2-1: Ball
3-1: Called Strike
3-2: Base on Balls
Batting: LHB António Casas 0-0: Ground out 4-3 (Groundball, 34)
Xuan-ling Liao to second
Batting: RHB Alejandro Sánchez 0-0: Called Strike
0-1: Foul Ball, location: 2F
0-2: Foul Ball, location: 2F
0-2: Strikes out looking
Top of the 9th over - 0 runs, 0 hits, 0 errors, 1 left on base; Atlantic City 8 - Casper 0
BOTTOM OF THE 9TH
Casper Ghosts batting - Pitching for Atlantic City Sonics : RHP Juriaan Roos
Batting: RHB Armando Pacheco 0-0: Foul Ball, location: 2F
0-1: Ground out 5-3 (Groundball, 5)
Batting: LHB Ronald Anderson 0-0: Called Strike
0-1: Foul Ball, location: 2F
0-2: Ball
1-2: Ball
2-2: Fly out, F4 (Popup, 13)
Batting: LHB Marcus Shill 0-0: Called Strike
0-1: Ground out U3 (Groundball, 3)
Bottom of the 9th over - 0 runs, 0 hits, 0 errors, 0 left on base; Atlantic City 8 - Casper 0
Friday, March 29th, 2019 - OOTP Baseball 18.8 Build 76